 Dungeon Crawl Stone Soup version 0.25.1-2-g60ff931df9 (webtiles) character file.

Game seed: 11861496663087703075

180438 Curus the Slayer (level 17, -14/176 HPs)
             Began as a Minotaur Fighter on Aug 19, 2020.
             Was a High Priest of Trog.
             Demolished by a spriggan defender
             ... wielding a +2 rapier of freezing
             ... led by the Enchantress
              (18 damage)
             ... on level 1 of the Depths on Aug 22, 2020.
             The game lasted 03:35:21 (40171 turns).

Curus the Slayer (Minotaur Fighter)                Turns: 40171, Time: 03:35:22

Health: -14/176    AC: 13    Str: 23    XL:     17   Next: 64%
Magic:  22/22      EV: 25    Int:  8    God:    Trog [*****.]
Gold:   3226       SH: 11    Dex: 13    Spells: 16/16 levels left

rFire    + . .     SeeInvis .   D - +2 demon blade of Domaenan {flame, rElec rPois rN++ Int-3}
rCold    + . .     Gourm    .   y - +1 buckler
rNeg     + + .     Faith    .   S - +2 leather armour {MR+}
rPois    +         Spirit   .   x - +0 hat
rElec    +         Reflect  +   u - scarf {repulsion}
rCorr    .         Harm     .   i - +2 pair of gloves
MR       ++++.     Clarity  +   J - +0 pair of boots
Stlth    +.........             V - amulet of reflection
HPRegen  1.39/turn              Z - +4 ring of slaying
MPRegen  0.18/turn              g - ring "Poukh" {rF+ rC+ Int+4}

@: mighty, berserk cooldown, regenerating, slowed, repel missiles, very slow
A: retaliatory headbutt, horns 2, icy blue scales 1, slimy green scales 1,
clarity
a: Berserk, Trog's Hand, Brothers in Arms, Renounce Religion


You were on level 1 of the Depths.
You worshipped Trog.
Trog was extremely pleased with you.
You were not hungry.

You visited 6 branches of the dungeon, and saw 30 of its levels.
You also visited: Ice Cave and Volcano.

You collected 3937 gold pieces.
You spent 711 gold pieces at shops.

Inventory:

Hand Weapons
 D - the +2 demon blade of Domaenan (weapon) {flame, rElec rPois rN++ Int-3}
   (Trog gifted it to you on level 2 of the Swamp)

   It has been specially enchanted to burn those struck by it, causing extra
   injury to most foes and up to half again as much damage against particularly
   susceptible opponents.
   Big, fiery blades are also staple armaments of hydra-hunters.
   It affects your intelligence (-3).
   It insulates you from electricity.
   It protects you from poison.
   It greatly protects you from negative energy.
 X - a +2 long sword of flaming
Armour
 a - a +0 troll leather armour
 i - a +2 pair of gloves (worn)
 u - a scarf of repulsion (worn)
 x - a +0 hat (worn)
 y - a +1 buckler (worn)
 A - a +3 leather armour of poison resistance
 B - a +1 cloak of poison resistance
 J - a +0 pair of boots (worn)
 S - a +2 leather armour of magic resistance (worn)
 Y - a +3 leather armour of fire resistance
Jewellery
 b - the ring "Forget-Me-Not" {rElec Dex+2 SInv Stlth+}
   (You acquired it on level 13 of the Dungeon)

   [ring of stealth]

   It affects your dexterity (+2).
   It insulates you from electricity.
   It lets you see invisible.
   It makes you more stealthy.
 g - the ring "Poukh" (right hand) {rF+ rC+ Int+4}
   (You bought it in a shop on level 2 of the Orcish Mines)

   [ring of protection from cold]

   It affects your intelligence (+4).
   It protects you from fire.
   It protects you from cold.
 s - an uncursed ring of magical power
 w - a +4 ring of evasion
 F - an uncursed amulet of regeneration
 K - an uncursed ring of protection from magic
 L - an uncursed ring of protection from cold
 P - an uncursed amulet of guardian spirit
 Q - an uncursed ring of flight
 V - an amulet of reflection (around neck)
 Z - a +4 ring of slaying (left hand)
Wands
 q - a wand of polymorph (38)
 t - a wand of paralysis (18)
 E - a wand of iceblast (49)
 G - a wand of enslavement (16)
 I - a wand of disintegration (45)
 U - a wand of flame (81)
Scrolls
 c - a scroll of silence
 j - 16 scrolls of teleportation
 k - 7 scrolls of fear
 n - a scroll of holy word
 p - 13 scrolls of remove curse
 r - 5 scrolls of identify
 v - 2 scrolls of enchant weapon
 C - 7 scrolls of fog
 O - 9 scrolls of magic mapping
 T - a scroll of blinking
Potions
 d - 6 potions of might
 e - a potion of cancellation
 h - a potion of ambrosia
 l - 8 potions of heal wounds
 m - 2 potions of resistance
 o - a potion of invisibility
 z - 6 potions of mutation
 H - 11 potions of curing
 M - a potion of haste
 N - a potion of flight
 R - 4 potions of magic
 W - 2 potions of berserk rage
Comestibles
 f - 28 rations


   Skills:
 + Level 22.2 Fighting
 - Level 14.7 Long Blades
 - Level 3.6 Armour
 + Level 20.5 Dodging
 - Level 4.5 Shields
 - Level 8.1 Evocations


You had 16 spell levels left.
You didn't know any spells.
Your spell library was empty.

Dungeon Overview and Level Annotations

Branches:
Dungeon (15/15)            Temple (0/1) D:6            Lair (6/6) D:10
  Swamp (3/4) Lair:2       Spider (3/4) Lair:2        Slime (0/5) Lair:5
    Orc (2/2) D:10            Elf (0/3) Orc:2        Vaults (0/5) D:13
 Depths (1/5) D:15          IceCv (visited)         Volcano (visited)

Altars:
Cheibriados
Dithmenos
Makhleb
Okawaru
Sif Muna
Trog
Wu Jian

Shops:
D:13 %   D:14 (   D:15 (   Orc:2 :[%=

Annotations:
D:14 2 runed translucent doors


Innate Abilities, Weirdness & Mutations

You reflexively headbutt those who attack you in melee.
You have a pair of horns on your head.
You are partially covered in icy blue scales. (AC +2)
You are partially covered in slimy green scales. (AC +2)
You possess an exceptional clarity of mind.


Message History

Your headbutt misses the spriggan defender.
The spriggan defender is heavily wounded.
You block the spriggan defender's attack.
You slash the spriggan defender! You burn the spriggan defender.
The spriggan defender is severely wounded.
You block the spriggan defender's attack.
The spriggan defender blocks your attack.
Your headbutt misses the spriggan defender.
The spriggan defender is severely wounded.
You block the spriggan defender's attack.
The spriggan defender hits you but does no damage.
You barely miss the spriggan defender.
Your headbutt misses the spriggan defender.
The spriggan defender is severely wounded.
The spriggan defender hits you with a +2 rapier of freezing!
* * * LOW HITPOINT WARNING * * *
You miss the spriggan defender.
The spriggan defender is severely wounded.
The spriggan defender hits you with a +2 rapier of freezing!!
You die...

..............§§§≈.≈≈≈i.i
............§.≈≈≈≈§≈≈≈...
..............≈≈≈§≈≈§...
.........§≈≈≈≈≈≈≈.....
#.........≈§≈≈§.....
........≈≈≈§§§..#.#
##.........§§.§...# ##
#..........§i§....## .##
##..........@.......##
.⌠###.........)..........#
...#...........).........#
...'..........)....##....#
...#...≈.......)[.......##
(⌠##.§≈≈≈.......).......#
.##....≈.≈......#....####
##............###.#.##
............# #####


You could see a spriggan defender.

Vanquished Creatures
  Nikola (Swamp:2)
  the Enchantress (Depths:1)
  Jorgrun (Swamp:1)
  Kirke (Spider:3)
  A fire giant (D:15)
  A ghost moth (Spider:3)
  An emperor scorpion (Spider:2)
  Louise (Swamp:1)
  2 spriggan defenders (Depths:1)
  3 very ugly things
  A stone giant (Depths:1)
  2 entropy weavers
  A great orb of eyes (Depths:1)
  An ice dragon (Depths:1)
  7 hydras
  A spriggan air mage (Depths:1)
  2 centaur warriors
  4 two-headed ogres
  3 catoblepae (Lair:6)
  2 shambling mangroves (Swamp:3)
  3 death knights (D:15)
  Erica (D:9)
  5 alligators
  7 death yaks
  5 orc high priests (Orc:2)
  10 skeletal warriors
  A spriggan druid (Swamp:2)
  3 unseen horrors
  An orange crystal statue (D:14)
  A deep elf archer (D:13)
  A wizard (D:14)
  A phantasmal warrior (D:15)
  An ugly thing (D:11)
  4 manticores
  A necromancer (Depths:1)
  24 wolf spiders
  6 orc knights
  12 orb spiders
  7 deep elf magi
  An orc sorcerer (Orc:1)
  2 oklob plants (D:10)
  A moth of wrath (Spider:2)
  13 elephants
  An iron dragon skeleton (Depths:1)
  Maurice (D:9)
  A cyclops (D:15)
  5 ice statues (IceCv)
  6 black mambas
  3 torpor snails
  3 gargoyles (Volcano)
  15 spiny frogs
  A yaktaur (D:15)
  A kobold demonologist (D:11)
  3 rime drakes
  7 komodo dragons
  4 freezing wraiths
  A redback zombie (D:15)
  A spark wasp simulacrum (Depths:1)
  A golden dragon simulacrum (IceCv)
  2 anaconda simulacra (IceCv)
  15 demonic crawlers
  21 jumping spiders
  6 trolls
  16 hornets
  16 blink frogs
  2 harpy skeletons (Volcano)
  26 slime creatures
  10 tyrant leeches
  5 dream sheep (Lair:6)
  9 bog bodies
  10 hippogriffs
  A meliai zombie (D:14)
  28 tarantellas
  58 redbacks
  3 wyverns
  3 flying skulls (Volcano)
  12 spriggans
  73 yaks
  6 wraiths
  2 shadows
  3 hogs (Spider:3)
  Eustachio (D:6)
  3 basilisks
  2 hungry ghosts
  19 vampire mosquitoes
  A spriggan simulacrum (Depths:1)
  3 wargs
  7 swamp worms
  3 iron troll simulacra (IceCv)
  A harpy simulacrum (IceCv)
  13 insubstantial wisps
  A soldier ant (D:15)
  An acid dragon (D:11)
  15 water moccasins
  2 hydra simulacra (IceCv)
  8 porcupines
  3 swamp drakes
  4 black bears
  30 orc warriors
  16 ice beasts
  5 sky beasts
  An eye of draining (D:8)
  A necrophage (D:8)
  10 wolves
  A boggart (D:13)
  14 ogres
  2 phantoms
  15 centaurs
  9 crocodiles
  3 big kobolds (D:13)
  16 bullfrogs
  A water moccasin zombie (D:5)
  2 wyvern skeletons
  6 scorpions
  A troll skeleton (Volcano)
  17 wights
  2 electric eels (Spider:1)
  7 crimson imps
  4 centaur zombies
  4 hounds
  4 bullfrog skeletons
  3 bullfrog zombies
  3 centaur skeletons
  Crazy Yiuf (D:6)
  6 jellies
  41 orc priests
  25 orc wizards
  Ijyb (D:4)
  2 iguanas
  2 hell rats (Lair:1)
  17 worker ants
  2 naga skeletons (Volcano)
  2 hound skeletons
  A hound zombie (D:5)
  A worker ant zombie (D:9)
  3 gnolls (D:7)
  10 adders
  9 river rats (Lair:1)
  6 shadow imps
  3 oozes
  An adder skeleton (D:8)
  6 worms
  2 dart slugs
  5 leopard geckos
  94 orcs
  7 bats
  7 giant cockroaches
  10 goblins
  7 hobgoblins
  10 jackals
  3 quokkas
  5 ball pythons
  3 frilled lizards
  9 kobolds
  2 leopard gecko skeletons
  A quokka skeleton (D:4)
  9 rats
  3 plants (D:10)
1109 creatures vanquished.

Vanquished Creatures (collateral kills)
  An orc knight (Orc:2)
  A spriggan (Depths:1)
  2 orc warriors (Orc:2)
4 creatures vanquished.

Vanquished Creatures (others)
  A bog body (Swamp:2)
  A spriggan (Swamp:1)
  A tarantella (Spider:1)
  2 humans (Spider:3)
  A vampire mosquito (Swamp:1)
  A swamp worm (Swamp:2)
  A swamp drake (Swamp:1)
  A big kobold (D:13)
  16 fungi
  10 plants
35 creatures vanquished.

Grand Total: 1148 creatures vanquished

Notes
Turn   | Place    | Note
-------+----------+-------------------------------------------
     0 | D:1      | Curus the Minotaur Fighter began the quest for the Orb.
     0 | D:1      | Reached XP level 1. HP: 19/19 MP: 0/0
   175 | D:1      | Reached XP level 2. HP: 26/26 MP: 1/1
   520 | D:2      | Reached XP level 3. HP: 23/31 MP: 2/2
  1093 | D:2      | Reached skill level 5 in Long Blades
  1132 | D:2      | Reached XP level 4. HP: 39/39 MP: 3/3
  1514 | D:3      | Reached XP level 5. HP: 33/45 MP: 4/4
  1807 | D:3      | Found a bloodstained altar of Trog.
  1823 | D:3      | Reached XP level 6. HP: 38/51 MP: 5/5
  1841 | D:3      | Became a worshipper of Trog the Wrathful
  2980 | D:4      | Reached XP level 7. HP: 54/57 MP: 6/6
  2999 | D:4      | Noticed Ijyb
  3007 | D:4      | Killed Ijyb
  3070 | D:4      | Reached * piety under Trog
  3133 | D:4      | Reached skill level 10 in Long Blades
  3486 | D:5      | Entered Level 5 of the Dungeon
  3733 | D:5      | Reached XP level 8. HP: 21/64 MP: 7/7
  4362 | D:5      | Gained mutation: You possess an exceptional clarity of
                  | mind. [potion of mutation]
  4362 | D:5      | Gained mutation: You are partially covered in slimy green
                  | scales. (AC +2) [potion of mutation]
  4362 | D:5      | Gained mutation: You are partially covered in icy blue
                  | scales. (AC +2) [potion of mutation]
  4602 | D:6      | Noticed Eustachio
  4635 | D:6      | Killed Eustachio
  4679 | D:6      | Reached ** piety under Trog
  4969 | D:6      | Found a runed translucent door.
  4970 | D:6      | Noticed Crazy Yiuf
  5071 | D:6      | Found a staircase to the Ecumenical Temple.
  5231 | D:6      | Reached XP level 9. HP: 50/70 MP: 8/8
  5526 | D:6      | Killed Crazy Yiuf
  5745 | D:7      | Reached skill level 1 in Dodging
  5754 | D:7      | Reached skill level 4 in Fighting
  6012 | D:7      | Reached skill level 5 in Fighting
  6449 | D:7      | Reached *** piety under Trog
  6708 | D:8      | Reached skill level 6 in Fighting
  6821 | D:8      | Found an iron altar of Okawaru.
  6834 | D:8      | Reached skill level 5 in Dodging
  7076 | D:8      | Reached skill level 7 in Fighting
  7268 | D:8      | Found a burning altar of Makhleb.
  7473 | D:9      | Reached XP level 10. HP: 72/86 MP: 9/9
  7546 | D:9      | Noticed Maurice
  7561 | D:9      | Killed Maurice
  7563 | D:9      | Reached skill level 8 in Fighting
  7778 | D:9      | Noticed Erica
  7789 | D:9      | Killed Erica
  7924 | D:9      | Noticed a two-headed ogre
  7937 | D:9      | Killed a two-headed ogre
  7937 | D:9      | Reached skill level 9 in Fighting
  7980 | D:9      | Reached skill level 10 in Fighting
  7982 | D:9      | Reached **** piety under Trog
  8467 | D:8      | Killed an unseen horror
  8545 | D:8      | Reached XP level 11. HP: 93/101 MP: 3/10
  8714 | D:10     | Entered Level 10 of the Dungeon
  8924 | D:10     | Reached skill level 11 in Fighting
  9064 | D:10     | Noticed an oklob plant
  9433 | D:10     | Found a staircase to the Orcish Mines.
  9514 | D:10     | Noticed an oklob plant
  9515 | D:10     | Found a staircase to the Lair.
  9588 | D:10     | Killed an oklob plant
  9853 | D:10     | Killed an oklob plant
  9853 | D:10     | Reached skill level 10 in Dodging
 10195 | Lair:1   | Entered Level 1 of the Lair of Beasts
 10503 | Lair:1   | Reached ***** piety under Trog
 10903 | Lair:1   | Reached skill level 12 in Fighting
 11146 | Lair:2   | Noticed a seven-headed hydra
 11157 | Lair:2   | Killed a three-headed hydra
 11157 | Lair:2   | Reached skill level 1 in Evocations
 11458 | Lair:2   | Noticed a seven-headed hydra
 11458 | Lair:2   | Found a hole to the Spider Nest.
 11476 | Lair:2   | Killed a three-headed hydra
 11787 | Lair:2   | Reached skill level 5 in Evocations
 12074 | Lair:2   | Found a staircase to the Swamp.
 12106 | Lair:2   | Received a gift from Trog
 12691 | Lair:3   | Noticed a five-headed hydra
 12701 | Lair:3   | Reached XP level 12. HP: 113/113 MP: 14/14
 12711 | Lair:3   | Killed a one-headed hydra
 12940 | Lair:3   | Reached skill level 13 in Fighting
 13825 | Lair:4   | Reached skill level 14 in Fighting
 14926 | Lair:5   | Reached XP level 13. HP: 71/125 MP: 6/15
 15238 | Lair:5   | Found a staircase to the Slime Pits.
 15425 | Lair:5   | Reached skill level 15 in Fighting
 15443 | Lair:5   | Got a faintly glowing long sword
 16463 | Lair:5   | Received a gift from Trog
 16926 | Lair:5   | Identified the cursed +1 long sword "Jyhoetep" {drain, rF-
                  | rN+ Str+5} (You found it on level 5 of the Lair of Beasts)
 16928 | Lair:6   | Entered Level 6 of the Lair of Beasts
 17000 | Lair:6   | Reached skill level 16 in Fighting
 17772 | Lair:6   | Reached skill level 15 in Dodging
 18082 | Lair:6   | Reached XP level 14. HP: 43/138 MP: 6/16
 18880 | Lair:6   | Reached skill level 17 in Fighting
 19567 | Orc:1    | Entered Level 1 of the Orcish Mines
 19901 | Orc:2    | Entered Level 2 of the Orcish Mines
 19915 | Orc:2    | Received a gift from Trog
 19927 | Orc:2    | Found a staircase to the Elven Halls.
 19981 | Orc:1    | Found a dark tunnel.
 19992 | Volcano  | Entered a volcano
 22131 | Orc:2    | Received a gift from Trog
 22975 | Orc:2    | HP: 6/210 [orc/+0 mace (12)]
 23283 | Orc:2    | Found Pehoe's Jewellery Boutique.
 23286 | Orc:2    | Found Riso's Book Boutique.
 23287 | Orc:2    | Found Ypnuakoe's Food Boutique.
 23288 | Orc:2    | Found Xovigyc's Armour Shop.
 23291 | Orc:2    | Bought the ring "Poukh" {rF+ rC+ Int+4} for 711 gold pieces
 23514 | D:11     | Received a gift from Trog
 24380 | D:12     | Reached skill level 18 in Fighting
 24879 | D:12     | Reached XP level 15. HP: 149/149 MP: 19/19
 25136 | D:13     | Found Icuif's Food Shop.
 25377 | D:13     | Identified a scroll of acquirement
 25377 | D:13     | Acquired the ring "Forget-Me-Not" {rElec Dex+2 SInv Stlth+}
 25441 | D:13     | Received a gift from Trog
 25622 | D:13     | You fall into a shaft and drop 2 floors!
 25622 | D:15     | Entered Level 15 of the Dungeon
 25703 | D:15     | Found Axeck's Antique Weapon Emporium.
 26169 | D:14     | Reached skill level 19 in Fighting
 26182 | D:14     | Found a shadowy altar of Dithmenos.
 26206 | D:14     | Reached ****** piety under Trog
 26440 | D:14     | Found a shimmering blue altar of Sif Muna.
 26467 | D:14     | Found Qetesmoi's Weapon Boutique.
 26650 | D:14     | Received a gift from Trog
 26665 | D:14     | Found a runed translucent door.
 26695 | D:14     | Found a runed translucent door.
 26708 | D:14     | Found a runed translucent door.
 26724 | D:14     | Found a runed translucent door.
 27744 | D:15     | Found a staircase to the Depths.
 27744 | D:15     | Noticed a fire giant
 27759 | D:15     | Killed a fire giant
 28856 | D:13     | Found a gate to the Vaults.
 29142 | Swamp:1  | Entered Level 1 of the Swamp
 29150 | Swamp:1  | Noticed Jorgrun
 29172 | Swamp:1  | Killed Jorgrun
 30220 | Swamp:1  | Noticed Louise
 30262 | Swamp:1  | Killed Louise
 30808 | Swamp:1  | Found an ornate altar of the Wu Jian Council.
 31049 | Swamp:2  | Noticed Nikola
 31072 | Swamp:2  | Received a gift from Trog
 31073 | Swamp:2  | Got an ichor-stained demon blade {god gift}
 31074 | Swamp:2  | Identified the +2 demon blade of Domaenan {flame, rElec
                  | rPois rN++ Int-3} (Trog gifted it to you on level 2 of the
                  | Swamp)
 31389 | Swamp:2  | Reached XP level 16. HP: 58/161 MP: 21/21
 32213 | Spider:1 | Entered Level 1 of the Spider Nest
 32767 | Spider:1 | Reached skill level 20 in Fighting
 32777 | Spider:1 | Received a gift from Trog
 32778 | Spider:1 | Got a pitted scimitar {god gift}
 32838 | Spider:1 | Found a frozen archway.
 32860 | Spider:1 | Identified the +7 scimitar "Qeshoetou" {vorpal, *Drain
                  | Str+5} (Trog gifted it to you on level 1 of the Spider
                  | Nest)
 32862 | IceCv    | Entered an ice cave
 34045 | Spider:2 | Received a gift from Trog
 34046 | Spider:2 | Got a scorched triple sword {god gift}
 34647 | Spider:2 | Reached skill level 21 in Fighting
 35223 | Spider:2 | Received a gift from Trog
 35587 | Spider:2 | Identified the +7 triple sword of Doigoem {vorpal, rF+}
                  | (Trog gifted it to you on level 2 of the Spider Nest)
 35597 | Spider:3 | Reached XP level 17. HP: 173/173 MP: 22/22
 35685 | Spider:3 | Noticed Kirke
 35704 | Spider:3 | Killed Kirke
 35895 | Spider:3 | HP: 12/259 [poisoned by a wolf spider]
 35900 | Spider:3 | HP: 9/259 [poisoned by a wolf spider]
 35903 | Spider:3 | HP: 4/173 [poisoned by a wolf spider]
 35908 | Spider:3 | HP: 2/173 [poisoned by a wolf spider]
 35913 | Spider:3 | HP: 3/173 [poisoned by a wolf spider]
 35919 | Spider:3 | HP: 7/173 [poisoned by a wolf spider]
 37103 | Swamp:2  | Killed Nikola
 37564 | Swamp:2  | HP: 7/176 [bog body (17)]
 38286 | Swamp:2  | Acquired 740 gold pieces
 39069 | Swamp:3  | Found a snail-covered altar of Cheibriados.
 39078 | Swamp:3  | Received a gift from Trog
 39774 | Depths:1 | Entered Level 1 of the Depths
 39788 | Depths:1 | Reached skill level 22 in Fighting
 40105 | Depths:1 | Noticed the Enchantress
 40145 | Depths:1 | Killed the Enchantress
 40164 | Depths:1 | HP: 6/176 [spriggan defender/+2 rapier of freezing[the
                  | Enchantress] (14)]
 40170 | Depths:1 | HP: 3/176 [spriggan defender/+2 rapier of freezing[the
                  | Enchantress] (12)]
 40171 | Depths:1 | Demolished by a spriggan defender

Illustrated notes

Levels and vault maps discovered:
D:1:      ncdulo_watergridlock, layout_basic, st_stairs_11, minmay_door_square
D:2:      layout_basic, kennysheep_generic_room_11
D:3:      layout_basic, trog_butcher_becter
D:4:      layout_layer_cave, uniq_ijyb
D:5:      layout_basic, first_ration, corexii_checkpoint_a,
          serial_bayou_crossing
D:6:      layout_basic, minmay_temple_entry_antechambers, uniq_eustachio,
          uniq_crazy_yiuf_cottage
D:7:      layout_loops_ring, the_bakery, serial_park_tiny_1
D:8:      cheibrodos_elevator_heist, layout_rooms, lightli_temple_of_fire,
          okawaru_ov_weapons_minmay
D:9:      statuecave_lemuel, layout_basic, uniq_maurice, uniq_erica
D:10:     layout_loops_cross, dpeg_oklobed_lair, orc_0_dummy
D:11:     layout_irregular_city
D:12:     layout_basic, serial_glass, glass_columns_a, glass_columns_a
D:13:     layout_long_grid, hangedman_vaults_entry_quadrant_bands, serial_shops,
          shop
D:14:     layout_loops_ring, basic_altar, grunt_dithmenos_smoke, serial_shops,
          shop, minmay_statue_crystal_thing
D:15:     grunt_enter_depths_giant_problem, layout_basic, serial_shops, shop,
          serial_rivers, chequers_serial_rivers_marsh,
          chequers_serial_rivers_micro_c, chequers_serial_rivers_micro_b,
          chequers_serial_rivers_micro_c, chequers_serial_rivers_large_a,
          st_stairs_10
Lair:1:   layout_misc_corridors, kennysheep_rathole, infiniplex_staircase_pool_2
Lair:2:   layout_concentric_octagons, swamp_mist_pool,
          nicolae_spider_entry_non_spiders, beast_lair_carwin_2,
          grunt_megastairs_3, lemuel_fruit_fields
Lair:3:   layout_misc_corridors
Lair:4:   layout_loops_ring, st_stairs_13
Lair:5:   layout_cave_pods, minmay_slime_entry_pillars,
          chequers_serial_rivers_micro_c, beast_lair_carwin_3,
          grunt_megastairs_1
Lair:6:   evilmike_catoblepas_cave, layout_loops_ring
Swamp:1:  layout_basic_swamp, basic_altar, uniq_jorgrun, uniq_louise
Swamp:2:  layout_falls_marsh, evilmike_swamp_ruin_rubble_2, swamp_pool4,
          uniq_nikola
Swamp:3:  layout_basic_swamp, lemuel_altar_in_water
Spider:1: layout_spider_delve, portal_ice_cave_entry_frozen_things
Spider:2: nicolae_spider_corner
Spider:3: layout_spider_delve, spiders_nest_the_unseen, uniq_kirke
Orc:1:    layout_diamond_mine, enter_volcano_1
Orc:2:    st_orc_pillars, layout_caves
Depths:1: layout_cave_pools, enter_ziggurat_d, hell_entry, grunt_ministairs_7,
          kennysheep_opposing_triangles, uniq_enchantress

Skill      XL: |  1  2  3  4  5  6  7  8  9 10 11 12 13 14 15 16 17 |
---------------+----------------------------------------------------+-----
Long Blades    | 3 4 5 6 7 9 11 13 14 | 14.7
Dodging        | 5 9 10 13 15 16 17 19 20 | 20.5
Fighting       | 7 10 12 14 16 18 19 21 22 | 22.2
Shields        | 4 |  4.5
Evocations     | 5 7 8 |  8.1
Armour         | |  3.6

Action                   |  1- 3 |  4- 6 |  7- 9 | 10-12 | 13-15 | 16-18 || total
-------------------------+-------+-------+-------+-------+-------+-------++-------
Melee: Long sword        |    77 |   170 |   343 |    30 |       |       ||   620
       Headbutt          |     9 |    25 |    72 |   134 |   408 |   254 ||   902
       Scimitar          |       |       |       |   544 |   403 |       ||   947
       Demon blade       |       |       |       |       |   302 |   963 ||  1265
       Double sword      |       |       |       |       |   784 |       ||   784
Invok: Berserk           |       |       |       |     4 |    10 |     6 ||    20
       Trog's Hand       |       |       |       |       |     1 |     3 ||     4
       Brothers in Arms  |       |       |       |       |     1 |     1 ||     2
 Abil: Evoke Flight      |       |       |       |       |     1 |     1 ||     2
Evoke: Wand              |       |       |       |     2 |     3 |     1 ||     6
  Use: Potion            |     6 |     1 |     2 |     2 |     3 |     4 ||    18
       Scroll            |     3 |     4 |    10 |     8 |     9 |     4 ||    38
 Stab: Paralysed         |       |       |       |     5 |       |       ||     5
       Sleeping          |       |       |       |       |     7 |       ||     7
       Confused          |       |       |       |       |     3 |       ||     3
       Distracted        |       |       |       |       |     2 |       ||     2
  Eat: Chunk             |     1 |     6 |    14 |    19 |    47 |    15 ||   102
       Ration            |       |       |       |     3 |     4 |     7 ||    14
Armor: Scale mail        |    21 |       |       |       |       |       ||    21
       Chain mail        |    13 |    86 |    38 |       |       |       ||   137
       Skin              |       |       |     1 |       |       |       ||     1
       Leather armour    |       |       |    36 |   108 |   166 |    23 ||   333
       Plate armour      |       |       |     6 |       |       |       ||     6
       Troll leather arm |       |       |       |       |    72 |    93 ||   165
Dodge: Dodged            |    21 |    26 |    75 |   253 |   912 |   605 ||  1892
       Repelled          |       |       |     4 |     5 |       |    11 ||    20
Block: Kite shield       |    41 |    89 |    62 |       |       |       ||   192
       Buckler           |       |       |    17 |    75 |   478 |   431 ||  1001
       Reflection        |       |       |       |       |    17 |     4 ||    21
       Rpst.: Long sword |     1 |     7 |    16 |     2 |       |       ||    26
       Scimitar          |       |       |       |    68 |    75 |       ||   143
       Demon blade       |       |       |       |       |    36 |   122 ||   158
       Double sword      |       |       |       |       |    87 |       ||    87
